 Seeded DCSS version 0.29.1-15-g9cfb28693d (webtiles) character file.

Game seed: 13702346629112536692 (custom seed)

11942 Darius099 the Grappler (level 11, -5/101 (109) HPs)
             Began as a Troll Monk on Mar 7, 2023.
             Slain by Urug
             ... wielding a +3 vampiric double sword
              (25 damage)
             ... on level 10 of the Dungeon.
             The game lasted 00:29:35 (7681 turns).

Darius099 the Grappler (Troll Monk)                 Turns: 7681, Time: 00:29:36

HP:   -5/101 (109)  AC:  9    Str: 21    XL:     11   Next: 55%
MP:   10/10         EV: 13    Int:  6    God:
Gold: 582           SH:  0    Dex: 16    Spells: 10/10 levels left

rFire   . . .      SeeInvis .     - Unarmed
rCold   . . .      Faith    .   (no shield)
rNeg    . . .      Spirit   .   x - +2 robe {Will+}
rPois   .          Reflect  .   (helmet restricted)
rElec   .          Harm     .   z - +2 cloak
rCorr   +          Rampage  .   (gloves unavailable)
Will    +....                   (boots unavailable)
Stlth   ++........              D - amulet of regeneration
HPRegen 1.86/turn               h - ring of resist corrosion
MPRegen 0.12/turn               (no ring)

@: attractive, drained
A: large, unfitting armour, claws 3, regeneration 1, shaggy fur 1, tough skin 1
a: no special abilities


You were on level 10 of the Dungeon.
You visited 2 branches of the dungeon, and saw 11 of its levels.

You collected 582 gold pieces.

Inventory:

Hand Weapons
 y - a +2 whip of flaming
Armour
 x - a +2 robe of willpower (worn)
 z - a +2 cloak (worn)
 H - a +0 robe of resistance
Jewellery
 h - a ring of resist corrosion (left claw)
 D - an amulet of regeneration (around neck)
Wands
 q - a wand of flame (58)
 B - a wand of polymorph (22)
 G - a wand of acid (28)
 J - a wand of charming (10)
 K - a wand of roots (5)
 M - a wand of mindburst (11)
Scrolls
 c - 3 scrolls of amnesia {unknown}
 d - 2 scrolls of noise {unknown}
 e - 2 scrolls of teleportation {unknown}
 g - 2 scrolls of fog {unknown}
 i - a scroll of torment {unknown}
 l - 5 scrolls of identify {unknown}
 m - 4 scrolls of fear {unknown}
 r - a scroll of silence {unknown}
 s - 5 scrolls of enchant weapon {unknown}
 t - a scroll of blinking {unknown}
 A - a scroll of enchant armour {unknown}
 C - 2 scrolls of immolation {unknown}
 E - a scroll of poison {unknown}
 F - a scroll of magic mapping {unknown}
Potions
 a - 2 potions of invisibility {unknown}
 b - 2 potions of ambrosia
 f - 3 potions of attraction
 k - a potion of berserk rage {unknown}
 n - a potion of brilliance
 o - a potion of mutation {unknown}
 p - 2 potions of curing {unknown}
 u - 5 potions of lignification {unknown}
 v - a potion of flight {unknown}
 w - a potion of might {unknown}
 I - a potion of haste {unknown}
 L - a potion of resistance


   Skills:
 + Level 7.4 Fighting
 + Level 6.9 Armour
 + Level 7.5 Dodging
 - Level 1.0 Stealth
 - Level 12.1 Unarmed Combat


You had 10 spell levels left.
You didn't know any spells.
Your spell library contained the following spells:

 Spells                   Type           Power      Damage    Failure   Level
 Scorch                   Fire           0%         2d5       58%         2
 Static Discharge         Conj/Air       0%         3-3/arc   58%         2
 Sublimation of Blood     Necr           0%         N/A       58%         2
 Wereblood                Tmut           0%         N/A       58%         2
 Summon Guardian Golem    Hex/Summ       0%         N/A       83%         3
 Flame Wave               Conj/Fire      0%         2d4       99%         4
 Lightning Bolt           Conj/Air       0%         1d11      100%        5
 Dispersal                Tloc           0%         N/A       100%        6
 Summon Cactus Giant      Summ           0%         N/A       100%        6
 Orb of Destruction       Conj           0%         9d5       100%        7
 Spellforged Servitor     Conj/Summ      0%         N/A       100%        7
 Summon Hydra             Summ           0%         N/A       100%        7
 Disjunction              Tloc           0%         N/A       100%        8
 Maxwell's Capacitive Co  Air            0%         ∞         100%        8


Dungeon Overview and Level Annotations

Branches:
Dungeon (10/15)            Temple (1/1) D:4            Lair (0/5) D:10
    Orc: D:9-12

Altars:
Ashenzari
Cheibriados
Dithmenos
Elyvilon
Fedhas
Gozag
Hepliaklqana
Kikubaaqudgha
Makhleb
Nemelex Xobeh
Okawaru
Qazlal
Ru
Sif Muna
Trog
Uskayaw
Vehumet
Wu Jian
Xom
Yredelemnul
Zin
The Shining One

Shops:
D:1 !

Annotations:
D:3 3 runed translucent doors, leafyfresh's ghost, amateur OpDe
D:5 3 runed translucent doors, croobank's ghost, novice OpDe
D:10 Urug


Innate Abilities, Weirdness & Mutations

You are too large for most types of armour.
You have claws for hands.
Your natural rate of healing is unusually fast.
You are covered in fur. (AC +1)
You have tough skin. (AC +1)


Message History

You scratch Urug but do no damage. You claw Urug!
Urug is severely wounded.
Urug hits you with a +3 vampiric double sword!!
* * * LOW HITPOINT WARNING * * *
Urug draws strength from your wounds!
You closely miss Urug. You claw Urug.
Urug is severely wounded.
You closely miss Urug.
Urug is severely wounded.
Urug hits you with a +3 vampiric double sword!
* * * LOW HITPOINT WARNING * * *
Urug draws strength from your wounds!
You feel much better.
Urug hits you with a +3 vampiric double sword!
* * * LOW HITPOINT WARNING * * *
You claw Urug!
Urug is severely wounded.
Urug closely misses you.
You scratch Urug but do no damage.
Urug is severely wounded.
Urug closely misses you.
You barely miss Urug.
Urug is severely wounded.
You scratch Urug.
Urug is almost dead.
Urug hits you with a +3 vampiric double sword.
* * * LOW HITPOINT WARNING * * *
Urug draws strength from your wounds!
You scratch Urug. You claw Urug!
Urug is almost dead.
Urug hits you with a +3 vampiric double sword!
* * * LOW HITPOINT WARNING * * *
You feel much better.
Urug hits you with a +3 vampiric double sword!!
* * * LOW HITPOINT WARNING * * *
Urug draws strength from your wounds!
You barely miss Urug.
Urug is severely wounded.
Urug hits you with a +3 vampiric double sword!!
You die...

###..#### #..### #. #...##
##...# #. ###'######### ###.#
##' #...........# #######.## #..
#...........### #........#####..
#...........'.# #.>......##..'..
#...........#.###........#..##..
#.........<.#.o##........#.###..
#####'########.@.........<.# ###
#.## ####........### # #..#
#........# # ##.# ##########
####.# #### #.....######### #...
#.............### #...
#.....#######...###########...
#.....# ###...........'...


You could see Urug.

Vanquished Creatures
  Erolcha (D:9)
  Erica (D:8)
  A two-headed ogre (D:9)
  Pikel (D:4)
  Joseph (D:8)
  Maurice (D:8)
  Maggie (D:6)
  Psyche (D:8)
  An unseen horror (D:10)
  2 trolls (D:10)
  Prince Ribbit (D:6)
  A shadow (D:10)
  21 yaks
  Sigmund (D:5)
  3 steam dragons
  Menkaure (D:7)
  2 water moccasins
  3 orc warriors
  2 black bears
  An ice beast (D:6)
  5 centaurs
  2 ogres (D:4)
  A phantom (D:7)
  A gnoll sergeant (D:10)
  2 kobold brigands
  3 necrophages
  5 scorpions
  3 bullfrogs
  12 wights
  A howler monkey (D:7)
  Crazy Yiuf (D:4)
  3 hounds
  8 jellies
  2 orc priests (D:6)
  3 iguanas
  6 orc wizards
  10 gnolls
  9 adders
  A shadow imp (D:5)
  3 white imps
  An ufetubus (D:5)
  2 worms (D:2)
  A dart slug (D:1)
  26 orcs
  A bat (D:3)
  11 endoplasms
  3 giant cockroaches
  4 goblins
  5 hobgoblins
  3 jackals (D:1)
  5 quokkas
  6 ball pythons
  2 frilled lizards (D:1)
  17 kobolds
  4 rats
219 creatures vanquished.

Vanquished Creatures (others)
  3 fungi (D:3)
  3 plants
6 creatures vanquished.

Grand Total: 225 creatures vanquished

Notes
Turn   | Place    | Note
-------+----------+-------------------------------------------
     0 | D:1      | Darius099 the Troll Monk began the quest for the Orb.
     0 | D:1      | Reached XP level 1. HP: 22/22 MP: 0/0
   133 | D:1      | Found Ijesse's Distillery.
   166 | D:1      | Reached XP level 2. HP: 29/29 MP: 1/1
   375 | D:1      | Reached skill level 4 in Unarmed Combat
   396 | D:1      | Noticed an ice devil
   398 | D:1      | Found a faded altar of an unknown god.
   524 | D:2      | Reached XP level 3. HP: 32/36 MP: 2/2
   555 | D:2      | Identified the +4 scale mail of the Tundras {Int+3}
   930 | D:3      | Reached skill level 5 in Unarmed Combat
   930 | D:3      | Reached XP level 4. HP: 6/44 MP: 3/3
  1119 | D:3      | Found a runed translucent gate.
  1119 | D:3      | Found a runed translucent gate.
  1119 | D:3      | Found a runed translucent gate.
  1120 | D:3      | Noticed a kobold brigand
  1508 | D:3      | Noticed leafyfresh's ghost (amateur OpDe)
  1567 | D:3      | Found a shimmering blue altar of Sif Muna.
  1811 | D:4      | Reached XP level 5. HP: 50/50 MP: 4/4
  1915 | D:4      | Reached skill level 6 in Unarmed Combat
  2052 | D:4      | Found a runed translucent door.
  2053 | D:4      | Noticed Crazy Yiuf
  2089 | D:4      | Found a staircase to the Ecumenical Temple.
  2114 | D:4      | Noticed an ogre
  2121 | D:4      | Killed an ogre
  2122 | D:4      | Reached XP level 6. HP: 19/59 MP: 5/5
  2187 | Temple   | Entered the Ecumenical Temple
  2396 | D:4      | Reached skill level 7 in Unarmed Combat
  2664 | D:4      | Noticed Pikel
  2709 | D:4      | Killed Pikel
  2710 | D:4      | Reached skill level 9 in Unarmed Combat
  2710 | D:4      | Reached XP level 7. HP: 45/66 MP: 6/6
  2881 | D:4      | Killed Crazy Yiuf
  3004 | D:4      | Reached XP level 8. HP: 69/73 MP: 7/7
  3093 | D:5      | Entered Level 5 of the Dungeon
  3153 | D:5      | Reached skill level 10 in Unarmed Combat
  3415 | D:5      | Reached skill level 11 in Unarmed Combat
  3434 | D:5      | Reached skill level 12 in Unarmed Combat
  3434 | D:5      | Reached XP level 9. HP: 51/80 MP: 8/8
  3486 | D:5      | Noticed Sigmund
  3505 | D:5      | Killed Sigmund
  3527 | D:5      | Reached skill level 1 in Armour
  3581 | D:5      | Identified the +4 falchion of Fenkoi {antimagic, rF- Str-3
                  | Int+5 SInv}
  3818 | D:5      | Noticed croobank's ghost (novice OpDe)
  3819 | D:5      | Found a runed translucent gate.
  3819 | D:5      | Found a runed translucent gate.
  3819 | D:5      | Found a runed translucent gate.
  4272 | D:6      | Noticed Maggie
  4279 | D:6      | Killed Maggie
  4603 | D:6      | Noticed Prince Ribbit
  4620 | D:6      | Killed Prince Ribbit
  4621 | D:6      | Reached XP level 10. HP: 94/94 MP: 9/9
  5188 | D:7      | Reached skill level 5 in Dodging
  5234 | D:7      | Found a sacrificial altar of Ru.
  5257 | D:7      | Reached skill level 5 in Fighting
  5573 | D:7      | Noticed Menkaure
  5583 | D:7      | Killed Menkaure
  5683 | D:8      | Noticed Maurice
  5694 | D:8      | Killed Maurice
  5755 | D:8      | Noticed Erica
  5772 | D:8      | Killed Erica
  5773 | D:8      | Reached skill level 5 in Armour
  5798 | D:8      | Found a white marble altar of Elyvilon.
  5835 | D:8      | Found a broken altar of Ashenzari.
  5836 | D:8      | Noticed Joseph
  5842 | D:8      | Killed Joseph
  5943 | D:8      | Noticed Psyche
  5953 | D:8      | Killed Psyche
  5983 | D:8      | Found a glowing golden altar of the Shining One.
  5986 | D:8      | Found a bloodstained altar of Trog.
  6284 | D:9      | Noticed a two-headed ogre
  6288 | D:9      | Noticed Erolcha
  6302 | D:9      | Killed a two-headed ogre
  6315 | D:9      | Killed Erolcha
  6316 | D:9      | Reached XP level 11. HP: 78/107 MP: 10/10
  6694 | D:9      | Found a radiant altar of Vehumet.
  6928 | D:10     | Entered Level 10 of the Dungeon
  7114 | D:10     | Found a staircase to the Lair.
  7583 | D:10     | Noticed Urug
  7673 | D:10     | HP: 5/101 [Urug/+3 vampiric double sword (13)]
  7681 | D:10     | Slain by Urug

Illustrated notes

Levels and vault maps discovered:
D:1:      dpeg_arrival_three_same_balls, layout_rooms, serial_shops,
          nicolae_square_shop, dreamdust_ecumenical_altar_sealed_demon,
          minmay_misc_feat_secret_circle
D:2:      layout_rooms
D:3:      layout_basic, lemuel_tele_altar, gammafunk_ghost_nasty_kobolds
D:4:      layout_loops_corners, minmay_temple_entry_stoned_glass,
          uniq_crazy_yiuf_cottage, uniq_pikel
D:5:      layout_gridville, gammafunk_ghost_split, saegor_snake_ambush,
          uniq_sigmund
D:6:      layout_basic, uniq_maggie, uniq_prince_ribbit1
D:7:      layout_gridville, nicolae_overflow_crystal_walls,
          hangedman_abyss_or_decor_slice, uniq_menkaure
D:8:      layout_rooms, mainiacjoe_overflow_catch_the_wave,
          chequers_temple_overflow_statue_of_worship, grunt_ministairs_11,
          uniq_maurice, uniq_erica, uniq_psyche, uniq_joseph
D:9:      layout_roguey, fiery_altar_vehumet, uniq_erolcha
D:10:     layout_roguey, lair_entry_dummy, uniq_urug
Temple:   hellmonk_temple_of_storms

Skill      XL: |  1  2  3  4  5  6  7  8  9 10 11 |
---------------+----------------------------------+-----
Unarmed Combat | 4 5 6 9 12 | 12.1
Armour         | 3 5 6 |  6.9
Fighting       | 4 6 7 |  7.4
Dodging        | 4 6 7 |  7.5
Stealth        | |  1.0

Action                   |  1- 3 |  4- 6 |  7- 9 | 10-12 || total
-------------------------+-------+-------+-------+-------++-------
Melee: Unarmed           |    73 |   107 |   185 |   272 ||   637
       Punch             |       |     4 |    11 |    30 ||    45
  Use: Potion            |       |     4 |       |     4 ||     8
 Stab: Sleeping          |     3 |     2 |     2 |       ||     7
Armor: Robe              |    22 |    29 |    40 |    84 ||   175
Dodge: Dodged            |    26 |    50 |    59 |   147 ||   282
